 Dungeon Sprint DCSS version 0.30-a0-374-g95c0257040 (webtiles) character file.

Game seed: 17559369241361173381

26011 rocky1 the Executioner (level 13, -2/139 HPs)
             Began as a Hill Orc Fighter on Nov 27, 2022.
             Was an Initiate of Gozag.
             Slain by an orc knight
             ... wielding a +2 great mace
              (30 damage)
             ... in the Dungeon (Sprint VII: "The Pits").
             The game lasted 00:15:16 (2702 turns).

rocky1 the Executioner (Hill Orc Fighter)           Turns: 2702, Time: 00:15:17

Health: -2/139     AC: 21    Str: 30    XL:     13   Next: 23%
Magic:  13/13      EV: 11    Int:  8    God:    Gozag
Gold:   2046       SH:  7    Dex: 10    Spells: 12/12 levels left

rFire   + + +      SeeInvis +    t - +2 war axe (vorpal)
rCold   . . .      Faith    .    c - +0 buckler
rNeg    + . .      Spirit   .    w - +4 chain mail
rPois   +          Reflect  .    u - +0 helmet
rElec   +          Harm     .    v - +0 cloak
rCorr   +          Rampage  .    (no gloves)
Will    +....      NoTele   +    (no boots)
Stlth   ..........               n - amulet of the acrobat
HPRegen 0.43/turn                j - ring of Democracy {Contam rPois rF+++ rN+ Will+}
MPRegen 0.13/turn                o - ring "Rinohol" {rElec rCorr Str+6 SInv Stlth-}

@: mighty, gold aura, hasted, very quick
A: no striking features
a: Renounce Religion, Potion Petition, Call Merchant, Bribe Branch


You were in the Dungeon.
You worshipped Gozag.
Gozag was most pleased with you.
You visited 1 branch You collected 8882 gold pieces.
You spent 2603 gold pieces at shops.
You paid 4233 gold pieces to Gozag.

Inventory:

Hand Weapons
 s - a +2 morningstar of protection
 t - a +2 vorpal war axe (weapon)
Armour
 c - a +0 buckler (worn)
 u - a +0 helmet (worn)
 v - a +0 cloak (worn)
 w - a +4 chain mail (worn)
Jewellery
 a - a ring of protection from cold
 j - the ring of Democracy (left hand) {Contam rPois rF+++ rN+ Will+}
   (You bought it in a shop in the Dungeon)

   [ring of positive energy]

   rF:        It renders you almost immune to fire.
   rPois:     It protects you from poison.
   rN:        It protects you from negative energy.
   Contam:    It causes magical contamination when unequipped.
   Will:      It increases your willpower.
 k - a +4 ring of slaying
 n - an amulet of the acrobat (around neck)
 o - the ring "Rinohol" (right hand) {rElec rCorr Str+6 SInv Stlth-}
   (You bought it in a shop in the Dungeon)

   [ring of strength]

   Str:       It affects your strength (+6).
   rElec:     It insulates you from electricity.
   SInv:      It lets you see invisible.
   rCorr:     It protects you from acid and corrosion.
   Stlth:     It makes you less stealthy.
 p - a ring of protection from cold
Scrolls
 l - 5 scrolls of amnesia
 m - a scroll of summoning
 x - 4 scrolls of enchant armour
 z - 5 scrolls of enchant weapon
 A - a scroll of blinking
 B - a scroll of fog
Potions
 b - 3 potions of attraction
 d - 4 potions of might
 e - 8 potions of curing
 f - 7 potions of heal wounds
 g - a potion of haste
 h - 4 potions of magic
 i - 3 potions of berserk rage
 q - 3 potions of resistance
 r - 4 potions of brilliance
 C - a potion of degeneration
 D - a potion of mutation
Miscellaneous
 E - a condenser vane


   Skills:
 + Level 19.8 Fighting
 + Level 22.7(23.5) Axes
 + Level 9.6(15.7) Maces & Flails
 + Level 17.1 Armour
 + Level 7.1 Dodging
 + Level 9.2 Stealth
 + Level 13.3 Shields


You had 12 spell levels left.
You didn't know any spells.
Your spell library contained the following spells:

 Spells                   Type           Power      Damage    Failure   Level
 Iskenderun's Battlesphe  Conj           0%         2d6       100%        5
 Iron Shot                Conj/Erth      0%         9d1       100%        6
 Spellforged Servitor     Conj/Summ      0%         N/A       100%        7


Dungeon Overview and Level Annotations

Branches:
Dungeon (1/1)

Altars:
Ashenzari
Cheibriados
Dithmenos
Elyvilon
Fedhas
Gozag
Hepliaklqana
Kikubaaqudgha
Makhleb
Nemelex Xobeh
Okawaru
Qazlal
Ru
Sif Muna
Trog
Uskayaw
Vehumet
Wu Jian
Xom
Yredelemnul
Zin
The Shining One
Beogh
Jiyva
Lugonu

Shops:
D (=


Message History

The orc knight unwields a +0 arbalest.
The orc knight wields a +0 great sword.
The orc knight closely misses you.
You are too injured to fight recklessly!
You slash the orc knight!
The orc knight is almost dead.
You hit the orc knight but do no damage.
You hit the orc knight. You slash the orc knight!
You barely miss the orc knight.
The orc knight is moderately wounded.
You closely miss the orc knight. You slice the orc knight!!
You barely miss the orc knight. You block the orc knight's attack. x2
The orc knight hits you with a +0 broad axe.
You slice the orc knight!!
You kill the orc knight!
You hit the orc knight. You slash the orc knight!
You barely miss the orc knight.
The orc knight hits you with a +0 great sword!
* * * LOW HITPOINT WARNING * * *
Your Stealth skill increases to level 9!
You slash the orc knight!
The orc knight is severely wounded.
You slash the orc knight! x2
The orc knight hits you with a +0 great sword!
* * * LOW HITPOINT WARNING * * *
The orc knight is distracted by your dazzling golden aura.
You slice the orc knight!!
The orc knight is heavily wounded.
You slice the orc knight!!
You kill the orc knight!
You barely miss the orc knight. You hit the orc knight.
The orc knight hits you with a +0 great sword.
* * * LOW HITPOINT WARNING * * *
You barely miss the orc knight.
The orc knight is severely wounded.
You slice the orc knight!!
You kill the orc knight!
You slash the orc knight!
The orc knight hits you with a +2 great mace!!
You die...
Your body crumbles into a pile of gold.

+..........# #..#....#..#
#..........+ #.."?......+ $
###++####++#
###++####++################
#......##...$..............
#.#)##.##$o$...............
#.#||'.##o@##############''
#.'..#.##..# .. #.#.}+
##..# .. #######.+).# #))#
.. .##..##.##+# #..# ..
.##..##. #).# .o .''..#
#..# oo .''..##########..#
.##...)..........#


You could see 2 orc knights.

Vanquished Creatures
  An emperor scorpion (D)
  A vampire knight (D)
  An apis (D)
  A lorocyproca (D)
  A purple draconian (D)
  Josephine (D)
  3 hydras (D)
  A hell beast (D)
  5 death yaks (D)
  A shadow wraith (D)
  A spriggan druid (D)
  A swamp dragon (D)
  3 orc knights (D)
  A deep elf pyromancer (D)
  A lindwurm (D)
  A phantasmal warrior (D)
  5 harpies (D)
  An orc sorcerer (D)
  A wolf spider (D)
  2 cyclopes (D)
  An elephant (D)
  A smoke demon (D)
  2 gargoyles (D)
  A cane toad (D)
  An unseen horror (D)
  A demonic crawler (D)
  2 kobold demonologists (D)
  A komodo dragon (D)
  Psyche (D)
  2 efreet (D)
  2 hornets (D)
  A troll (D)
  A jumping spider (D)
  6 slime creatures (D)
  2 spriggans (D)
  A shadow (D)
  5 wraiths (D)
  3 yaks (D)
  A fire bat (D)
  Eustachio (D)
  Grum (D)
  A redback (D)
  A water moccasin (D)
  A black bear (D)
  A sky beast (D)
  A centaur (D)
  7 wolves (D)
  2 kobold brigands (D)
  Blork the orc (D)
  A bullfrog (D)
  A scorpion (D)
  A gnoll bouda (D)
  A hound (D)
  3 mummies (D)
  6 gnolls (D)
  An adder (D)
  A river rat (D)
  A white imp (D)
  An adder zombie (D)
  2 adder skeletons (D)
  A bat zombie (D)
  An endoplasm (D)
  2 giant cockroaches (D)
  3 hobgoblins (D)
  2 kobolds (D)
  2 quokkas (D)
  A ball python zombie (D)
  A rat (D)
117 creatures vanquished.

Notes
Turn   | Place    | Note
-------+----------+-------------------------------------------
     0 | D        | rocky1 the Hill Orc Fighter began the quest for the Orb.
     0 | D        | Reached XP level 1. HP: 19/19 MP: 1/1
    17 | D        | Found a bloodstained altar of Trog.
    17 | D        | Found a shimmering blue altar of Sif Muna.
    17 | D        | Found a viscous altar of Jiyva.
    17 | D        | Found a hazy altar of Hepliaklqana.
    17 | D        | Found an opulent altar of Gozag.
    18 | D        | Found a glowing golden altar of the Shining One.
    18 | D        | Found a glowing silver altar of Zin.
    18 | D        | Found a basalt altar of Yredelemnul.
    18 | D        | Found a shimmering altar of Xom.
    18 | D        | Found an ornate altar of the Wu Jian Council.
    18 | D        | Found a sacrificial altar of Ru.
    18 | D        | Found a stormy altar of Qazlal.
    18 | D        | Found an iron altar of Okawaru.
    18 | D        | Found a sparkling altar of Nemelex Xobeh.
    18 | D        | Found a burning altar of Makhleb.
    18 | D        | Found a blossoming altar of Fedhas.
    18 | D        | Found a white marble altar of Elyvilon.
    18 | D        | Found a shadowy altar of Dithmenos.
    18 | D        | Found a snail-covered altar of Cheibriados.
    20 | D        | Found a radiant altar of Vehumet.
    20 | D        | Found a corrupted altar of Lugonu.
    20 | D        | Found a roughly hewn altar of Beogh.
    21 | D        | Found a hide-covered altar of Uskayaw.
    21 | D        | Found an ancient bone altar of Kikubaaqudgha.
    21 | D        | Found a broken altar of Ashenzari.
    25 | D        | Became a worshipper of Gozag Ym Sagoz the Greedy
    65 | D        | Reached skill level 3 in Axes
    86 | D        | Reached XP level 2. HP: 25/28 MP: 2/2
   107 | D        | Reached skill level 5 in Fighting
   111 | D        | Reached skill level 4 in Axes
   111 | D        | Reached XP level 3. HP: 31/36 MP: 3/3
   177 | D        | Noticed a sky beast
   177 | D        | Noticed a water moccasin
   178 | D        | Noticed a fire bat
   184 | D        | Reached skill level 5 in Axes
   184 | D        | Reached skill level 5 in Armour
   184 | D        | Reached skill level 5 in Shields
   184 | D        | Reached XP level 4. HP: 31/44 MP: 4/4
   194 | D        | Killed a water moccasin
   195 | D        | Reached skill level 7 in Axes
   195 | D        | Reached skill level 1 in Dodging
   195 | D        | Reached XP level 5. HP: 15/52 MP: 5/5
   201 | D        | Killed a fire bat
   202 | D        | Reached skill level 9 in Axes
   202 | D        | Reached XP level 6. HP: 37/62 MP: 6/6
   212 | D        | Killed a sky beast
   213 | D        | Reached skill level 10 in Axes
   457 | D        | Noticed Blork the orc
   461 | D        | Killed Blork the orc
   462 | D        | Reached XP level 7. HP: 70/70 MP: 7/7
   465 | D        | Noticed a shadow
   467 | D        | Killed a shadow
   468 | D        | Reached skill level 12 in Axes
   487 | D        | Reached skill level 13 in Axes
   549 | D        | Noticed a cyclops
   549 | D        | Noticed a troll
   568 | D        | Killed a troll
   569 | D        | Reached skill level 10 in Fighting
   569 | D        | Reached skill level 10 in Armour
   569 | D        | Reached XP level 8. HP: 61/79 MP: 8/8
   574 | D        | Killed a cyclops
   575 | D        | Reached skill level 14 in Axes
   575 | D        | Reached skill level 1 in Stealth
   933 | D        | Noticed Josephine
   933 | D        | Noticed a wraith
   933 | D        | Noticed a wraith
   933 | D        | Noticed a wraith
   933 | D        | Noticed a wraith
   933 | D        | Noticed a wraith
   933 | D        | Noticed Grum
   953 | D        | Reached skill level 15 in Axes
   955 | D        | Killed a wraith
   956 | D        | Reached XP level 9. HP: 89/89 MP: 9/9
   963 | D        | Killed Josephine
   964 | D        | Reached skill level 16 in Axes
   966 | D        | Reached skill level 17 in Axes
   976 | D        | Killed Grum
  1037 | D        | Bought the ring of Democracy {Contam rPois rF+++ rN+ Will+}
                  | for 860 gold pieces
  1173 | D        | Noticed a hornet
  1173 | D        | Noticed a komodo dragon
  1186 | D        | Killed a komodo dragon
  1187 | D        | Reached XP level 10. HP: 100/100 MP: 10/10
  1190 | D        | Paralysed by a hornet for 1 turns
  1194 | D        | Noticed a smoke demon
  1195 | D        | Noticed a gargoyle
  1201 | D        | Killed a smoke demon
  1202 | D        | Reached skill level 18 in Axes
  1204 | D        | Killed a gargoyle
  1261 | D        | Noticed a death yak
  1270 | D        | Reached skill level 5 in Dodging
  1270 | D        | Reached skill level 10 in Shields
  1277 | D        | Killed a death yak
  1470 | D        | Reached skill level 19 in Axes
  1474 | D        | Killed an unseen horror
  1484 | D        | Noticed an orc sorcerer
  1501 | D        | Noticed a lindwurm
  1504 | D        | Killed an orc sorcerer
  1505 | D        | Reached XP level 11. HP: 92/111 MP: 11/11
  1511 | D        | Killed a lindwurm
  1512 | D        | Reached skill level 5 in Stealth
  1596 | D        | Bought an amulet of the acrobat for 390 gold pieces
  1596 | D        | Bought the ring "Rinohol" {rElec rCorr Str+6 SInv Stlth-}
                  | for 759 gold pieces
  1623 | D        | Noticed a harpy
  1623 | D        | Noticed a harpy
  1623 | D        | Noticed a harpy
  1623 | D        | Noticed a harpy
  1623 | D        | Noticed a harpy
  1623 | D        | Noticed a lorocyproca
  1623 | D        | Noticed a spriggan druid
  1624 | D        | Noticed a shadow wraith
  1625 | D        | Killed a harpy
  1626 | D        | Reached skill level 15 in Fighting
  1626 | D        | Killed a harpy
  1627 | D        | Reached skill level 20 in Axes
  1627 | D        | Noticed an eight-headed hydra
  1634 | D        | Noticed a four-headed hydra
  1634 | D        | Noticed a six-headed hydra
  1641 | D        | Killed a spriggan druid
  1642 | D        | Reached skill level 1 in Maces & Flails
  1653 | D        | Killed a four-headed hydra
  1656 | D        | Killed a six-headed hydra
  1660 | D        | Killed a harpy
  1661 | D        | Reached skill level 15 in Armour
  1669 | D        | Killed a harpy
  1670 | D        | Killed a harpy
  1671 | D        | Reached skill level 5 in Maces & Flails
  1680 | D        | Killed a lorocyproca
  1683 | D        | Killed an eight-headed hydra
  1688 | D        | Killed a shadow wraith
  1928 | D        | Noticed Psyche
  1928 | D        | Noticed a spriggan rider
  1929 | D        | Noticed a death yak
  1940 | D        | Reached XP level 12. HP: 113/122 MP: 12/12
  1943 | D        | Killed Psyche
  1968 | D        | Killed a death yak
  2219 | D        | Bought a potion of degeneration for 18 gold pieces
  2219 | D        | Bought a potion of curing for 54 gold pieces
  2219 | D        | Bought a potion of might for 72 gold pieces
  2219 | D        | Bought a potion of mutation for 144 gold pieces
  2219 | D        | Bought a potion of resistance for 180 gold pieces
  2219 | D        | Bought a potion of attraction for 54 gold pieces
  2219 | D        | Bought a potion of might for 72 gold pieces
  2289 | D        | Noticed an emperor scorpion
  2303 | D        | Killed an emperor scorpion
  2304 | D        | Reached skill level 21 in Axes
  2453 | D        | Noticed Eustachio
  2457 | D        | Killed Eustachio
  2528 | D        | Noticed a vampire knight
  2528 | D        | Noticed a purple draconian
  2528 | D        | Noticed a hell beast
  2528 | D        | Noticed an apis
  2528 | D        | Noticed a death yak
  2528 | D        | Noticed a death yak
  2528 | D        | Noticed a death yak
  2536 | D        | Killed a hell beast
  2541 | D        | Killed a vampire knight
  2550 | D        | Killed an apis
  2551 | D        | Reached skill level 22 in Axes
  2551 | D        | Reached XP level 13. HP: 98/137 MP: 13/13
  2561 | D        | Killed a purple draconian
  2666 | D        | Noticed an orc warlord
  2702 | D        | Slain by an orc knight

Illustrated notes

Levels and vault maps discovered:
D:        pitsprint [storerooms_1, entrance_room_1, metal_vault_1, armoury_2,
          mini_pit_1, grid_room_1, main_hall_1, silver_pit, the_coven_3,
          the_vestibule_1, steel_vault_1, golden_pit, hallway_of_sentries,
          crystal_vault_3, iron_vault_4, final_vault]

Skill      XL: |  1  2  3  4  5  6  7  8  9 10 11 12 13 |
---------------+----------------------------------------+-----
Fighting       | 4 5 7 8 9 10 11 12 14 16 19 | 19.8
Axes           | 3 4 5 7 9 10 13 15 17 19 20 22 | 22.7
Armour         | 4 5 6 7 8 10 12 13 15 16 17 | 17.1
Shields        | 4 5 6 7 8 9 10 12 13 | 13.3
Dodging        | 1 2 3 4 5 6 7 |  7.1
Stealth        | 2 3 4 6 8 9 |  9.2
Maces & Flails | 7 9 |  9.6

Action                   |  1- 3 |  4- 6 |  7- 9 | 10-12 | 13-15 || total
-------------------------+-------+-------+-------+-------+-------++-------
Melee: War axe           |    30 |    38 |    82 |   218 |    23 ||   391
       Morningstar       |       |       |       |    29 |       ||    29
Invok: Potion Petition   |       |       |     1 |     2 |       ||     3
       Call Merchant     |       |       |     1 |     2 |       ||     3
  Use: Potion            |       |     1 |     2 |    12 |     2 ||    17
       Scroll            |       |       |     1 |     1 |       ||     2
 Stab: Invisible         |       |       |     2 |     9 |     3 ||    14
       Distracted        |       |       |       |     3 |       ||     3
Armor: Scale mail        |    17 |       |       |       |       ||    17
       Chain mail        |     3 |    24 |    32 |   127 |     3 ||   189
       Skin              |       |       |     6 |       |       ||     6
Dodge: Dodged            |    10 |    13 |    30 |   127 |     6 ||   186
Block: Buckler           |    10 |     6 |    24 |    75 |     5 ||   120

Table legend: (Time is in decaauts)
 A = Elapsed time spent in this place.
 B = Non-inter-level travel time spent in this place.
 C = Inter-level travel time spent in this place.
 D = Time resting spent in this place.
 E = Time spent auto-exploring this place.
 F = Levels seen in this place.
 G = Mean time per level.
                   A        B        C        D        E       F      G
               +--------+--------+--------+--------+--------+-----+--------+
         Total |   2593 |   2531 |     62 |   1171 |      0 |   1 | 2593.0 |
       Dungeon |   2593 |   2531 |     62 |   1171 |      0 |   1 | 2593.0 |
               +--------+--------+--------+--------+--------+-----+--------+

Top non-repeatable levels by time:
       D: 2593 daAuts
